 Dungeon Sprint DCSS version 0.21-a0-400-g417d9d2 (webtiles) character file.

251 Amnesiac the Geomancer (level 5, -9/35 HPs)
             Began as a Demonspawn Earth Elementalist on Oct 20, 2017.
             Was an Initiate of Dithmenos.
             Mangled by a slime creature (14 damage)
             ... in the Dungeon (Sprint I: "Red Sonja").
             The game lasted 00:02:48 (736 turns).

Amnesiac the Geomancer (DsEE)                        Turns: 736, Time: 00:02:49

Health: -9/35      AC:  2    Str: 13    XL:     5   Next: 88%
Magic:  0/13       EV: 12    Int: 18    God:    Dithmenos [......]
Gold:   216        SH:  0    Dex: 13    Spells: 3/15 levels left

rFire    . . .     SeeInvis .   i - +0 dagger
rCold    . . .     Gourm    .   (no shield)
rNeg     . . .     Faith    .   c - +0 robe
rPois    .         Spirit   +   (helmet restricted)
rElec    .         Reflect  .   (no cloak)
rCorr    .         Harm     .   (no gloves)
MR       .....     NoTele   +   (no boots)
Stlth    +++.......             (no amulet)
HPRegen  0.11/turn              (no ring)
MPRegen  0.13/turn              (no ring)

@: mighty
A: antennae 1, powered by pain 2, magic shield
a: Renounce Religion


You were in the Dungeon.
You worshipped Dithmenos.
Dithmenos was noncommittal.
You were not hungry.

You visited 1 branch You collected 216 gold pieces.

Inventory:

Hand Weapons
 i - a +0 dagger (weapon)
Missiles
 b - 18 stones (quivered)
Armour
 c - a +0 robe (worn)
Scrolls
 j - a scroll of blinking {!r}
Potions
 a - a potion of ambrosia {!q, unknown}
 g - a potion of haste {!q}
Books
 k - a book of Geomancy

   Spells                             Type                      Level
   a - Sandblast                      Earth                        1
   b - Passwall                       Transmutation/Earth          2
   c - Stone Arrow                    Conjuration/Earth            3
   d - Petrify                        Transmutation/Earth          4
   e - Lee's Rapid Deconstruction     Earth                        5
Comestibles
 d - a bread ration


   Skills:
 + Level 4.3 Short Blades
 - Level 1.7 Dodging
 + Level 4.9 Stealth
 + Level 5.6 Spellcasting
 - Level 0.8 Transmutations
 * Level 8.1 Earth Magic


You had 3 spell levels left.
You knew the following spells:

 Your Spells              Type           Power        Failure   Level  Hunger
a - Sandblast             Erth           ####..       1%          1    None
b - Passwall              Tmut/Erth      ###.......   3%          2    None
d - Lee's Rapid Deconstr  Erth           ####......   12%         5    #####..
e - Petrify               Tmut/Erth      ###.....     19%         4    ####...


Dungeon Overview and Level Annotations

Branches:
Dungeon (1/1)

Altars:
Cheibriados
Dithmenos
Elyvilon
Fedhas
Gozag
Hepliaklqana
Kikubaaqudgha
Makhleb
Nemelex Xobeh
Okawaru
Qazlal
Ru
Trog
Uskayaw
Xom
Yredelemnul
Zin
The Shining One
Jiyva
Lugonu

Shops:
D [


Innate Abilities, Weirdness & Mutations

You have a pair of small antennae on your head.
You sometimes gain power by taking damage.
When hurt, damage is shared between your health and your magic reserves.


Message History

Aiming: Petrify
Press: ? - help, Shift-Dir - straight line, f/p - slime creature
Aim: a slime creature (chance to defeat MR: 33%)
The slime creature easily resists.
The slime creature closely misses you.
Casting: Petrify
Confirm with . or Enter, or press ? or * to list all spells.
You don't have enough magic to cast that spell.
There is an open door here.
Things that are here:
a scythe of flaming; a robe The slime creature hits you!!
* * * LOW HITPOINT WARNING * * *
You focus on the pain.
You feel very mighty all of a sudden.
There is an open door here.
There is an open door here.
You see here a giant club.
There is an open door here.
You see here a leather armour.
There is a fountain of clear blue water here.
Really quaff
e - a potion of curing {!q}?
You feel better. The slime creature hits you!
* * * LOW HITPOINT WARNING * * *
You focus on the pain.
You feel mightier all of a sudden.
Really quaff
f - a potion of heal wounds {!q}?
You feel much better. The slime creature hits you.
Really quaff
h - 2 potions of magic {!q}?
Magic courses through your body. The slime creature hits you.
The slime creature hits you!
* * * LOW HITPOINT WARNING * * *
The slime creature hits you!
* * * LOW HITPOINT WARNING * * *
You see here a leather armour.
There is an open door here.
Okay, then.
You see here a giant club.
There is an open door here.
There is an open door here.
Things that are here:
a scythe of flaming; a robe
There is an open door here.
There is an open door here.
Casting: Petrify
Confirm with . or Enter, or press ? or * to list all spells.
Aiming: Petrify
Press: ? - help, Shift-Dir - straight line, f/p - slime creature
Aim: a slime creature (chance to defeat MR: 33%)
The slime creature easily resists.
Unknown command.
Casting: Petrify
Confirm with . or Enter, or press ? or * to list all spells.
You don't have enough magic to cast that spell.
Unknown command.
Really quaff
h - a potion of magic {!q}?
Magic courses through your body. The slime creature hits you.
* * * LOW HITPOINT WARNING * * *
Casting: Petrify
Confirm with . or Enter, or press ? or * to list all spells.
Aiming: Petrify
Press: ? - help, Shift-Dir - straight line, f/p - slime creature
Aim: a slime creature (chance to defeat MR: 33%)
The slime creature easily resists.
The slime creature hits you!!
You die...

###################
#<.#.)'..#.)'..#__#
#..'..#..'..#..J@.+
#.[#####'#####+#__#
#..####..# ####
#..#__####
#..#_____##
#⌠⌠#_.∩...+
####_.Y__#
#..#_____#
##########


You could see a slime creature.

Vanquished Creatures
  Sigmund (D)
  An ogre (D)
  Ijyb (D)
3 creatures vanquished.

Vanquished Creatures (others)
  A gargoyle (D)
1 creature vanquished.

Grand Total: 4 creatures vanquished

Notes
Turn   | Place    | Note
-------+----------+-------------------------------------------
     0 | D        | Amnesiac the Demonspawn Earth Elementalist began the quest for the Orb.
     0 | D        | Reached XP level 1. HP: 13/13 MP: 3/3
     1 | D        | Noticed Ijyb
    35 | D        | Killed Ijyb
    35 | D        | Reached skill level 4 in Earth Magic
    35 | D        | Gained mutation: When hurt, damage is shared between your health and your magic reserves. [demonic ancestry]
    35 | D        | Reached XP level 2. HP: 9/19 MP: 0/6
   233 | D        | Noticed an ogre
   238 | D        | Killed an ogre
   238 | D        | Reached skill level 6 in Earth Magic
   238 | D        | Gained mutation: You have a pair of small antennae on your head. [demonic ancestry]
   238 | D        | Reached XP level 3. HP: 11/24 MP: 0/9
   238 | D        | Gained mutation: You sometimes gain a little power by taking damage. [demonic ancestry]
   238 | D        | Reached XP level 4. HP: 14/30 MP: 0/10
   242 | D        | Learned a level 2 spell: Passwall
   247 | D        | Learned a level 4 spell: Petrify
   306 | D        | Killed a gargoyle
   409 | D        | Found a shadowy altar of Dithmenos.
   409 | D        | Found a sacrificial altar of Ru.
   409 | D        | Found a snail-covered altar of Cheibriados.
   409 | D        | Found an opulent altar of Gozag.
   409 | D        | Found a sparkling altar of Nemelex Xobeh.
   409 | D        | Found a basalt altar of Yredelemnul.
   409 | D        | Found a hide-covered altar of Uskayaw.
   409 | D        | Found a hazy altar of Hepliaklqana.
   409 | D        | Found an ancient bone altar of Kikubaaqudgha.
   409 | D        | Found Tola Kugg's Armour Emporium.
   409 | D        | Found a glowing golden altar of the Shining One.
   409 | D        | Found an iron altar of Okawaru.
   409 | D        | Found a bloodstained altar of Trog.
   409 | D        | Found a blossoming altar of Fedhas.
   409 | D        | Found a stormy altar of Qazlal.
   409 | D        | Found a white marble altar of Elyvilon.
   409 | D        | Found a glowing silver altar of Zin.
   409 | D        | Noticed a yak
   409 | D        | Became a worshipper of Dithmenos the Shadowed
   434 | D        | Noticed Sigmund
   437 | D        | Killed Sigmund
   437 | D        | Reached skill level 5 in Spellcasting
   437 | D        | Reached skill level 8 in Earth Magic
   437 | D        | Gained mutation: You sometimes gain power by taking damage. [demonic ancestry]
   437 | D        | Reached XP level 5. HP: 10/35 MP: 1/13
   681 | D        | Learned a level 5 spell: Lee's Rapid Deconstruction
   692 | D        | Found a burning altar of Makhleb.
   692 | D        | Found a shimmering altar of Xom.
   692 | D        | Noticed a slime creature
   693 | D        | Found a viscous altar of Jiyva.
   693 | D        | Found a corrupted altar of Lugonu.
   736 | D        | Mangled by a slime creature

Vault maps used:
D:        dungeon_sprint_1

Skill      XL: |  1  2  3  4 |
---------------+-------------+-----
Stealth        | 3 4 |  4.9
Spellcasting   | 3 4 5 |  5.6
Earth Magic    | 4 6 8 |  8.1
Short Blades   | 2 4 |  4.3
Dodging        | |  1.7
Transmutations | |  0.8

Action                   |  1- 3 |  4- 6 || total
-------------------------+-------+-------++-------
Melee: Unarmed           |     5 |       ||     5
       Dagger            |       |     1 ||     1
 Cast: Sandblast         |     8 |     4 ||    12
       Passwall          |       |     6 ||     6
       Petrify           |       |     4 ||     4
  Use: Potion            |     1 |     4 ||     5
 Stab: Sleeping          |       |     1 ||     1
Armor: Robe              |     2 |       ||     2
Dodge: Dodged            |     7 |     1 ||     8

Table legend:
 A = Spawn XP
 B = Non-spawn XP
 C = Spawn XP percentage of total XP
 D = Spawn monster count
 E = Non-spawn monster count
 F = Spawn count percentage of total count
 G = Total turns spent on level
                    A         B        C        D         E        F      G
               +---------+---------+-------+---------+---------+-------+---------
         Total |       0 |     359 |   0.0 |       0 |       3 |   0.0 |   736
               +---------+---------+-------+---------+---------+-------+---------
             D |       0 |     359 |   0.0 |       0 |       3 |   0.0 |   736
               +---------+---------+-------+---------+---------+-------+---------
